[Event "ICC tourney 2552 (3 2)"]
[Site "Internet Chess Club"]
[Date "2021.05.07"]
[Round "3"]
[White "KAGGUNDI RAVISHA, MANASWINI:K05-30132763"]
[Black "LI, JADEN:K01-30171480"]
[Result "0-1"]
[ICCResult "White forfeits on time"]
[WhiteElo "1400"]
[BlackElo "1400"]
[Opening "Giuoco Piano"]
[ECO "C54"]
[NIC "IG.02"]
[Time "18:52:20"]
[PlyCount "40"]
[TimeControl "180+2"]

1. e4 e5 2. Nf3 Nc6 3. Bc4 Bc5 4. c3 Nf6 5. d3 O-O 6. Bg5 h6 7. Bh4 d6 8.
Nbd2 Bg4 9. h3 Bxf3 10. Qxf3 Na5 11. a4 Nxc4 12. Nxc4 b6 13. b4 b5 14. bxc5
bxc4 15. dxc4 dxc5 16. Qg3 Nxe4 17. Qg4 Nf6 18. Qg3 Ne4 19. Qg4 Qd2+ 20.
Kf1 Nxc3 { White forfeits on time } 0-1

[Event "ICC tourney 2552 (3 2)"]
[Site "Internet Chess Club"]
[Date "2021.05.07"]
[Round "3"]
[White "CUI, CHRIS:K01-30048697"]
[Black "GRESHAM, JOB:K05-16440438"]
[Result "1-0"]
[ICCResult "Black resigns"]
[WhiteElo "1400"]
[BlackElo "1400"]
[Opening "Scandinavian: Pytel-Wade variation"]
[ECO "B01"]
[NIC "SD.02"]
[Time "18:52:04"]
[PlyCount "77"]
[TimeControl "180+2"]

1. e4 d5 2. exd5 Qxd5 3. Nc3 Qd6 4. Nf3 Nf6 5. Bc4 Nc6 6. d3 Bg4 7. h3 Bh5
8. Be3 O-O-O 9. Qd2 Bxf3 10. gxf3 e6 11. O-O-O Be7 12. Nb5 Qd7 13. Bf4 Bd6
14. Bxd6 cxd6 15. Qe3 b6 16. Rhe1 d5 17. Bb3 Na5 18. Nd4 Nc6 19. Nxc6 Qxc6
20. d4 a5 21. Rd3 a4 22. Rc3 axb3 23. Rxc6+ Kb7 24. Rc3 bxa2 25. Kd2 Ra8
26. Ra1 b5 27. Ra3 Rxa3 28. bxa3 Ra8 29. Rxa2 b4 30. a4 Kb6 31. Qb3 Ka5 32.
c3 bxc3+ 33. Qxc3+ Kb6 34. Qb4+ Kc6 35. Qc5+ Kd7 36. Qb5+ Kd6 37. Qb6+ Ke7
38. Qb7+ Kd6 39. Qxa8 { Black resigns } 1-0

[Event "ICC tourney 2552 (3 2)"]
[Site "Internet Chess Club"]
[Date "2021.05.07"]
[Round "3"]
[White "RAJEEV, AMEYA:K05-16305755"]
[Black "HIRIYUR CHETHAN, NISCHITH:K06-30157135"]
[Result "1-0"]
[ICCResult "Black checkmated"]
[WhiteElo "1400"]
[BlackElo "1400"]
[Opening "Scotch gambit"]
[ECO "C44"]
[NIC "SO.06"]
[Time "18:51:58"]
[PlyCount "121"]
[TimeControl "180+2"]

1. e4 e5 2. Nf3 Nc6 3. d4 exd4 4. Bc4 Bc5 5. c3 dxc3 6. Bxf7+ Kxf7 7. Qd5+
Ke8 8. Qxc5 cxb2 9. Bxb2 Nf6 10. e5 d6 11. Qe3 dxe5 12. Nxe5 Nxe5 13. Qxe5+
Qe7 14. O-O Qxe5 15. Bxe5 c6 16. Nc3 Be6 17. Rfe1 Kf7 18. Re2 Rhe8 19. Rae1
Bc4 20. Re3 Re7 21. Bxf6 Rxe3 22. Rxe3 gxf6 23. Ne4 Re8 24. Nd6+ Kg6 25.
Rxe8 Bxa2 26. Nxb7 Bf7 27. Re3 Bd5 28. Rg3+ Kf7 29. Nd6+ Ke6 30. Nb7 c5 31.
Nxc5+ Kd6 32. Nd3 a5 33. Nf4 Bc6 34. Rd3+ Kc5 35. Ne6+ Kb6 36. Rd6 Kb7 37.
Nd8+ Kc8 38. Nxc6 a4 39. Nb4 a3 40. Rd3 Kc7 41. Rxa3 Kd6 42. Rh3 Kc5 43.
Rxh7 Kxb4 44. Rf7 Kc3 45. h4 Kd4 46. h5 Ke5 47. h6 Ke6 48. h7 Kxf7 49. h8=Q
f5 50. Qh7+ Kf6 51. f4 Ke6 52. Kf2 Kd5 53. Ke3 Kc4 54. Qf7+ Kc3 55. Qc7+
Kb3 56. Kd3 Kb4 57. Qc6 Kb3 58. Qc4+ Kb2 59. Qb4+ Ka2 60. Kc2 Ka1 61. Qb2#
{ Black checkmated } 1-0

[Event "ICC tourney 2552 (3 2)"]
[Site "Internet Chess Club"]
[Date "2021.05.07"]
[Round "3"]
[White "KAIPA, ADITYA:K03-17069123"]
[Black "KUO, TRISTAN:K06-16624110"]
[Result "1-0"]
[ICCResult "Black forfeits on time"]
[WhiteElo "1400"]
[BlackElo "1400"]
[Opening "Sicilian: accelerated fianchetto, modern variation with Bc4"]
[ECO "B35"]
[NIC "SI.34"]
[Time "18:53:19"]
[PlyCount "55"]
[TimeControl "180+2"]

1. e4 c5 2. Nf3 Nc6 3. d4 cxd4 4. Nxd4 Nf6 5. Nc3 g6 6. Bc4 Bg7 7. Be3 O-O
8. O-O d6 9. f3 a6 10. Qd2 b5 11. Nxc6 bxc4 12. Nxd8 Rxd8 13. Bd4 Bb7 14.
Bxf6 Bxf6 15. Rab1 Bc6 16. Nd5 Bg7 17. Nxe7+ Kh8 18. Nxc6 Rd7 19. c3 Rc8
20. Nd4 Re7 21. Ne2 Rd7 22. Nf4 Be5 23. Nd5 Rb8 24. Nb4 Rb6 25. f4 Bg7 26.
e5 Kg8 27. Rfd1 Bf8 28. exd6 { Black forfeits on time } 1-0

[Event "ICC tourney 2552 (3 2)"]
[Site "Internet Chess Club"]
[Date "2021.05.07"]
[Round "3"]
[White "WANG, ETHAN:K05-15914623"]
[Black "KOVARIK, OTTO:K05-30020818"]
[Result "0-1"]
[ICCResult "White forfeits on time"]
[WhiteElo "1400"]
[BlackElo "1400"]
[Opening "Ruy Lopez: Berlin defense, 4.O-O"]
[ECO "C65"]
[NIC "RL.07"]
[Time "18:52:39"]
[PlyCount "60"]
[TimeControl "180+2"]

1. e4 e5 2. Nf3 Nc6 3. Bb5 Nf6 4. O-O a6 5. Bxc6 dxc6 6. Nxe5 Bd6 7. Nf3
Bg4 8. d4 O-O 9. e5 Bxe5 10. dxe5 Qxd1 11. Rxd1 Bxf3 12. gxf3 Nd5 13. Kh1
Rfe8 14. Rg1 Rxe5 15. Bh6 g6 16. Nd2 Re2 17. Rgf1 f6 18. Rae1 Rae8 19. Rxe2
Rxe2 20. Kg2 g5 21. Rd1 Nf4+ 22. Kg3 Ne6 23. a3 Kf7 24. Ne4 Kg6 25. Rd7
Kxh6 26. Nxf6 Rxc2 27. Nxh7 Rxb2 28. Nf6 c5 29. Ng4+ Kg6 30. Re7 Re2 {
White forfeits on time } 0-1

[Event "ICC tourney 2552 (3 2)"]
[Site "Internet Chess Club"]
[Date "2021.05.07"]
[Round "3"]
[White "NAGASAI SASHANK KUNCHANAPALLI, HAVISH:K06-30136759"]
[Black "TSYBOVSKY, ANTHONY:K03-30024259"]
[Result "0-1"]
[ICCResult "White checkmated"]
[WhiteElo "1324"]
[BlackElo "1400"]
[Opening "Vienna game"]
[ECO "C28"]
[NIC "VG.02"]
[Time "18:52:24"]
[PlyCount "86"]
[TimeControl "180+2"]

1. e4 e5 2. Nc3 Nf6 3. Bc4 Nc6 4. d3 Bc5 5. f4 d6 6. Nf3 Be6 7. Bxe6 fxe6
8. fxe5 Nxe5 9. Nxe5 dxe5 10. Bg5 O-O 11. Qe2 Qd6 12. O-O-O Bd4 13. Nb5
Bxb2+ 14. Kxb2 Qb4+ 15. Kc1 Qxb5 16. Rdf1 Nd7 17. Qg4 g6 18. Qxe6+ Kh8 19.
h4 Nc5 20. Qxe5+ Kg8 21. Bh6 Nxd3+ 22. cxd3 Qxe5 23. Rxf8+ Rxf8 24. Bxf8
Qa1+ 25. Kd2 Qxh1 26. Bc5 Qxg2+ 27. Kc3 Qxa2 28. Bb4 Qh2 29. Be7 Qe5+ 30.
d4 Qxe7 31. Kd3 c5 32. d5 Qe5 33. Ke3 b5 34. Kf3 b4 35. Kg4 b3 36. h5 b2
37. hxg6 hxg6 38. Kf3 b1=Q 39. Kg4 Qd3 40. d6 Qdxe4+ 41. Kh3 Q5f5+ 42. Kh2
Qeg4 43. Kh1 Qfh5# { White checkmated } 0-1

[Event "ICC tourney 2552 (3 2)"]
[Site "Internet Chess Club"]
[Date "2021.05.07"]
[Round "3"]
[White "HU, ETHAN:K01-30094787"]
[Black "MICHAEL KAGAN, BENYAMIN:K05-30083267"]
[Result "1-0"]
[ICCResult "Black resigns"]
[WhiteElo "1400"]
[BlackElo "1400"]
[Opening "Queen's gambit accepted"]
[ECO "D20"]
[NIC "QG.03"]
[Time "18:52:39"]
[PlyCount "89"]
[TimeControl "180+2"]

1. d4 d5 2. c4 dxc4 3. Nc3 Nf6 4. e4 Bg4 5. f3 Be6 6. Nge2 g6 7. Nf4 Bg7 8.
Nxe6 fxe6 9. Bxc4 Qd6 10. e5 Qc6 11. exf6 exf6 12. b3 O-O 13. O-O a6 14.
Be3 b5 15. d5 exd5 16. Bxd5+ Qxd5 17. Qxd5+ Rf7 18. Qxa8 Rf8 19. Qe4 f5 20.
Qe6+ Kh8 21. Bc5 Rg8 22. Rad1 h5 23. Be7 Kh7 24. Rd8 Rxd8 25. Bxd8 Bxc3 26.
Bxc7 Bd4+ 27. Kh1 Ba7 28. Bxb8 Bxb8 29. Qe7+ Kh6 30. Qf8+ Kh7 31. Qxb8 a5
32. Qxb5 a4 33. bxa4 g5 34. a5 g4 35. fxg4 fxg4 36. Qd7+ Kh6 37. Rf6+ Kg5
38. Rc6 h4 39. Qd4 g3 40. hxg3 hxg3 41. Rc5+ Kg6 42. Qd6+ Kf7 43. Rc7+ Ke8
44. Qd7+ Kf8 45. Qg7+ { Black resigns } 1-0

[Event "ICC tourney 2552 (3 2)"]
[Site "Internet Chess Club"]
[Date "2021.05.07"]
[Round "3"]
[White "WANG, WEIHAN:K01-17104962"]
[Black "DEVARAJ, SIRI:K05-16369654"]
[Result "0-1"]
[ICCResult "White checkmated"]
[WhiteElo "1400"]
[BlackElo "1400"]
[Opening "Giuoco Piano"]
[ECO "C50"]
[NIC "IG.02"]
[Time "18:53:19"]
[PlyCount "62"]
[TimeControl "180+2"]

1. e4 e5 2. Nf3 Nc6 3. Bc4 Bc5 4. O-O Nf6 5. Nc3 d6 6. d3 h6 7. Re1 O-O 8.
Be3 Nd4 9. Bxd4 Bxd4 10. Nd5 Bg4 11. h3 Nxd5 12. Bxd5 c6 13. Bb3 Bxf3 14.
Qxf3 Bxb2 15. Rab1 Bc3 16. Re3 Bd4 17. Re2 a5 18. Ba4 b5 19. Bb3 a4 20.
Bxa4 Rxa4 21. c4 bxc4 22. dxc4 Rxc4 23. Rb7 Rc1+ 24. Kh2 Rc3 25. Qh5 Qc8
26. Re7 Qd8 27. Rb7 c5 28. Ra7 Qf6 29. f3 Qf4+ 30. Kh1 Rc1+ 31. Re1 Rxe1# {
White checkmated } 0-1

[Event "ICC tourney 2552 (3 2)"]
[Site "Internet Chess Club"]
[Date "2021.05.07"]
[Round "3"]
[White "UDAY KAVALE, SOURISH:K06-16328330"]
[Black "KRISHNAN, SHREYANK:K05-16258876"]
[Result "1-0"]
[ICCResult "Black checkmated"]
[WhiteElo "1400"]
[BlackElo "1400"]
[Opening "Scotch game"]
[ECO "C45"]
[NIC "SO.05"]
[Time "18:52:39"]
[PlyCount "111"]
[TimeControl "180+2"]

1. e4 e5 2. Nf3 Nc6 3. d4 exd4 4. Nxd4 Bc5 5. Be3 Nf6 6. Nxc6 bxc6 7. Bxc5
d6 8. Bd4 O-O 9. Nc3 Re8 10. Bd3 d5 11. Bxf6 Qxf6 12. O-O dxe4 13. Bxe4 Bb7
14. Qf3 Qe6 15. Rfe1 Qd7 16. Rad1 Qc8 17. Bxc6 Bxc6 18. Qxc6 Rb8 19. Rxe8+
Qxe8 20. Qxe8+ Rxe8 21. h3 f6 22. Rd7 Re1+ 23. Kh2 Re8 24. Rxc7 a5 25. Ra7
Rb8 26. b3 Rc8 27. Na4 Rxc2 28. Rxa5 Rxa2 29. f3 Ra3 30. Rb5 Ra2 31. Nc3
Ra8 32. Rc5 Rb8 33. Ne4 Rxb3 34. Nd6 Kf8 35. Rb5 Rd3 36. Rb8+ Ke7 37. Re8+
Kd7 38. Rg8 Kxd6 39. Rd8+ Ke5 40. Rxd3 Kf4 41. Rd7 g5 42. Rxh7 f5 43. h4 g4
44. fxg4 fxg4 45. Rf7+ Ke5 46. Kg3 Ke4 47. Kxg4 Ke3 48. h5 Ke4 49. h6 Kd4
50. h7 Ke5 51. h8=Q+ Ke4 52. Qe8+ Kd4 53. Rd7+ Kc4 54. Qc8+ Kb4 55. Rb7+
Ka4 56. Qa8# { Black checkmated } 1-0

[Event "ICC tourney 2552 (3 2)"]
[Site "Internet Chess Club"]
[Date "2021.05.07"]
[Round "3"]
[White "LOVE, ANDREAS:K01-30154512"]
[Black "CHEN, SHUANG:K03-30071645"]
[Result "1-0"]
[ICCResult "Black forfeits on time"]
[WhiteElo "1139"]
[BlackElo "1400"]
[Opening "Scandinavian (center counter) defense"]
[ECO "B01"]
[NIC "SD.01"]
[Time "18:52:39"]
[PlyCount "53"]
[TimeControl "180+2"]

1. e4 d5 2. exd5 Qxd5 3. Nc3 Qa5 4. a3 e6 5. b4 Bxb4 6. axb4 Qxa1 7. Nf3
Nc6 8. b5 Nb4 9. Be2 Bd7 10. O-O O-O-O 11. d3 Qxc3 12. Bd2 Qb2 13. h3 Nxc2
14. Bf4 Nd4 15. Nxd4 Qxd4 16. Be3 Qb4 17. Qd2 Qxd2 18. Bxd2 Bxb5 19. Bg4
Bxd3 20. Ra1 Kb8 21. Bg5 f6 22. Be3 e5 23. Bxa7+ Ka8 24. Bb6+ Kb8 25. Be3
Ba6 26. Bf3 Ne7 27. Kh2 { Black forfeits on time } 1-0

[Event "ICC tourney 2552 (3 2)"]
[Site "Internet Chess Club"]
[Date "2021.05.07"]
[Round "3"]
[White "SU, ALLEN:K03-30149550"]
[Black "W ZHANG, ETHAN:K05-17088714"]
[Result "0-1"]
[ICCResult "White forfeits on time"]
[WhiteElo "1400"]
[BlackElo "1400"]
[Opening "Sicilian"]
[ECO "B50"]
[NIC "SI.01"]
[Time "18:52:39"]
[PlyCount "64"]
[TimeControl "180+2"]

1. e4 c5 2. Nf3 d6 3. Bc4 Nc6 4. Nc3 Nf6 5. d3 e6 6. Bg5 Be7 7. O-O O-O 8.
Qd2 a6 9. a4 Bd7 10. d4 cxd4 11. Nxd4 Nxd4 12. Qxd4 h6 13. Be3 Bc6 14. e5
dxe5 15. Qxe5 Qd6 16. Qxd6 Bxd6 17. Rad1 Rad8 18. Bb6 Rd7 19. Rfe1 Ng4 20.
g3 Ne5 21. Be2 Be7 22. Rxd7 Nxd7 23. Be3 Bc5 24. Bxc5 Nxc5 25. Rd1 Nxa4 26.
Nxa4 Bxa4 27. b3 Bc6 28. Rd6 Re8 29. Bxa6 bxa6 30. Rxc6 a5 31. Ra6 Rc8 32.
c4 Rc5 { White forfeits on time } 0-1

[Event "ICC tourney 2552 (3 2)"]
[Site "Internet Chess Club"]
[Date "2021.05.07"]
[Round "3"]
[White "THIMMASAMUDRAM, SANDEEP:K05-16278356"]
[Black "HOJA, SAEED:K01-17050607"]
[Result "0-1"]
[ICCResult "White checkmated"]
[WhiteElo "1400"]
[BlackElo "1400"]
[Opening "Giuoco Pianissimo: Canal variation"]
[ECO "C50"]
[NIC "IG.02"]
[Time "18:51:59"]
[PlyCount "118"]
[TimeControl "180+2"]

1. e4 e5 2. Nf3 Nc6 3. Bc4 Bc5 4. Nc3 Nf6 5. d3 d6 6. Bg5 Bg4 7. h3 Bd7 8.
O-O h6 9. Bh4 Na5 10. Bb3 Nxb3 11. axb3 c6 12. d4 exd4 13. Nxd4 O-O 14. Nf5
Bxf5 15. exf5 Qd7 16. Bxf6 gxf6 17. Qg4+ Kh7 18. Ne4 Bd4 19. c3 Be5 20. f4
Rg8 21. Qh5 d5 22. Nc5 Qe7 23. fxe5 Qxc5+ 24. Kh1 Qe7 25. e6 Rg5 26. Qf3
Rag8 27. Rf2 fxe6 28. fxe6 Qxe6 29. Rxa7 Qe1+ 30. Rf1 Qe7 31. Qxf6 Qxf6 32.
Rxb7+ R5g7 33. Rxf6 Rxb7 34. Rxc6 Rxb3 35. Rc7+ Rg7 36. Rxg7+ Kxg7 37. Kh2
Rxb2 38. Kg3 Rc2 39. Kf4 Rxc3 40. Ke5 Rg3 41. Kxd5 Rxg2 42. Ke4 Rh2 43. Kf4
Rxh3 44. Kg4 Ra3 45. Kh5 Ra5+ 46. Kh4 h5 47. Kh3 Kg6 48. Kh4 Kf5 49. Kxh5
Ra3 50. Kh4 Kf4 51. Kh5 Rg3 52. Kh4 Rg8 53. Kh3 Rg4 54. Kh2 Kf3 55. Kh3 Kf4
56. Kh2 Rg3 57. Kh1 Kf3 58. Kh2 Kf2 59. Kh1 Rh3# { White checkmated } 0-1

[Event "ICC tourney 2552 (3 2)"]
[Site "Internet Chess Club"]
[Date "2021.05.07"]
[Round "3"]
[White "WOO, HENRY:K01-30165260"]
[Black "JAIN, VARYAN:K06-15858144"]
[Result "1-0"]
[ICCResult "Black forfeits on time"]
[WhiteElo "1400"]
[BlackElo "1400"]
[Opening "Scandinavian (center counter) defense"]
[ECO "B01"]
[NIC "VO.17"]
[Time "18:52:39"]
[PlyCount "47"]
[TimeControl "180+2"]

1. e4 d5 2. exd5 Qxd5 3. Nf3 Qa5 4. Nd4 c6 5. Nb3 Qc7 6. Bc4 Bf5 7. d3 e6
8. Nc3 Bd6 9. O-O Nf6 10. Bb5 cxb5 11. Nxb5 Qb6 12. Nxd6+ Qxd6 13. Nd2 Nc6
14. Nc4 Qc7 15. Ne3 Bg6 16. Nc4 O-O 17. Na3 Rac8 18. Nb5 Qb6 19. Na3 Nb4
20. Bd2 a5 21. Nc4 Qc6 22. Nxa5 Qxc2 23. Bxb4 Qxb2 24. Rc1 { Black forfeits
on time } 1-0

[Event "ICC tourney 2552 (3 2)"]
[Site "Internet Chess Club"]
[Date "2021.05.07"]
[Round "3"]
[White "CHANG, ANTHONY:K01-30154131"]
[Black "LINGISHETTY, ISHAAN:K05-16449486"]
[Result "0-1"]
[ICCResult "White checkmated"]
[WhiteElo "1400"]
[BlackElo "1400"]
[Opening "Four knights: Italian variation"]
[ECO "C47"]
[NIC "KP.06"]
[Time "18:52:39"]
[PlyCount "56"]
[TimeControl "180+2"]

1. e4 e5 2. Nf3 Nc6 3. Nc3 Nf6 4. Bc4 Nxe4 5. Nxe4 d5 6. Bxd5 Qxd5 7. d3
Bf5 8. O-O Rd8 9. Qe2 Be7 10. Be3 O-O 11. Qd1 Nd4 12. Bxd4 exd4 13. Ne1
Bxe4 14. dxe4 Qxe4 15. Nd3 Bd6 16. f3 Qe3+ 17. Kh1 Rfe8 18. a3 Qh6 19. f4
g5 20. Qg4 Qg6 21. fxg5 h6 22. Rf6 Qxg5 23. Qxg5+ hxg5 24. Raf1 Rd7 25.
R1f3 Ree7 26. Rh3 Be5 27. Nxe5 Rxe5 28. Rfh6 Re1# { White checkmated } 0-1

[Event "ICC tourney 2552 (3 2)"]
[Site "Internet Chess Club"]
[Date "2021.05.07"]
[Round "3"]
[White "LIU, HEMING:K03-17283651"]
[Black "HOJA, SABRINA:K05-16995856"]
[Result "1-0"]
[ICCResult "Black forfeits on time"]
[WhiteElo "1400"]
[BlackElo "1400"]
[Opening "Scotch game"]
[ECO "C45"]
[NIC "SO.05"]
[Time "18:52:08"]
[PlyCount "49"]
[TimeControl "180+2"]

1. e4 e5 2. Nf3 Nc6 3. d4 exd4 4. Nxd4 Bc5 5. Be3 Qf6 6. c3 Nge7 7. Bc4 d6
8. O-O Nxd4 9. cxd4 Bb6 10. Nc3 h5 11. Qd2 Qg6 12. f3 h4 13. Kh1 Be6 14.
Bb3 c6 15. Rae1 Bxb3 16. axb3 O-O-O 17. d5 c5 18. Nb5 a6 19. Nc3 f5 20. Re2
fxe4 21. Nxe4 Nf5 22. b4 Nxe3 23. Qxe3 Kc7 24. bxc5 dxc5 25. Nxc5 { Black
forfeits on time } 1-0

[Event "ICC tourney 2552 (3 2)"]
[Site "Internet Chess Club"]
[Date "2021.05.07"]
[Round "3"]
[White "JEHIN, RISHIN:K01-30043660"]
[Black "KUO, DECLAN:K05-16624125"]
[Result "1-0"]
[ICCResult "Black forfeits on time"]
[WhiteElo "1400"]
[BlackElo "1400"]
[Opening "Giuoco Pianissimo"]
[ECO "C55"]
[NIC "IG.01"]
[Time "18:52:39"]
[PlyCount "47"]
[TimeControl "180+2"]

1. e4 e5 2. Nf3 Nc6 3. Bc4 Nf6 4. d3 Bc5 5. c3 O-O 6. Nbd2 d6 7. h3 a6 8.
Bb3 Qe7 9. Qe2 Be6 10. Bxe6 Qxe6 11. O-O d5 12. exd5 Nxd5 13. Nc4 b5 14.
Ncxe5 Nxe5 15. Qxe5 Qxe5 16. Nxe5 Rfe8 17. d4 Bd6 18. Nf3 Nf4 19. Bxf4 Bxf4
20. Rfe1 Rxe1+ 21. Rxe1 h6 22. Re7 Rc8 23. Re4 Bd6 24. Nh4 { Black forfeits
on time } 1-0

[Event "ICC tourney 2552 (3 2)"]
[Site "Internet Chess Club"]
[Date "2021.05.07"]
[Round "3"]
[White "MARIMUTHU, ASHWIN:K06-16548496"]
[Black "DEEPAK GOWDA, DHRUV:K01-30155284"]
[Result "0-1"]
[ICCResult "White forfeits on time"]
[WhiteElo "1400"]
[BlackElo "1400"]
[Opening "Queen's gambit declined"]
[ECO "D30"]
[NIC "QP.08"]
[Time "18:52:12"]
[PlyCount "50"]
[TimeControl "180+2"]

1. d4 d5 2. c4 e6 3. Qb3 Nf6 4. Nc3 Nc6 5. Nf3 Bd6 6. Bg5 Na5 7. Qb5+ Nc6
8. Bxf6 Qxf6 9. cxd5 a6 10. Qc4 exd5 11. Nxd5 Qd8 12. Nc3 Be6 13. Qd3 Nb4
14. Qd2 Bf5 15. e4 Bg6 16. a3 Nc6 17. Bd3 b5 18. b4 Bh5 19. d5 Ne7 20. h3
c6 21. g4 Bg6 22. dxc6 Nxc6 23. Qg5 Be7 24. Qe3 Bf6 25. Rd1 Bxc3+ { White
forfeits on time } 0-1

[Event "ICC tourney 2552 (3 2)"]
[Site "Internet Chess Club"]
[Date "2021.05.07"]
[Round "3"]
[White "PARK, JOSHUA:K05-16451732"]
[Black "BIRUDAVOLU, SATHVIK:K01-17230292"]
[Result "0-1"]
[ICCResult "White checkmated"]
[WhiteElo "1400"]
[BlackElo "1400"]
[Opening "Queen's pawn: Chigorin variation"]
[ECO "D00"]
[NIC "QP.08"]
[Time "18:52:39"]
[PlyCount "56"]
[TimeControl "180+2"]

1. d4 d5 2. Nc3 Nf6 3. e3 Bf5 4. Bb5+ Nc6 5. Bxc6+ bxc6 6. Nf3 Qd7 7. O-O
e6 8. Na4 Be7 9. b4 O-O 10. Bb2 Rab8 11. Ne5 Qd6 12. Nc5 Rxb4 13. Ba3 Rbb8
14. Na6 Qxa3 15. Nxb8 Rxb8 16. Nxc6 Re8 17. Qe1 Bd6 18. Qe2 Ne4 19. f3 Nc3
20. Qd2 Nb5 21. e4 dxe4 22. fxe4 Bxe4 23. Rae1 Bxc6 24. d5 Bxd5 25. Qc1
Qc5+ 26. Kh1 Bb7 27. c3 Qc6 28. c4 Qxg2# { White checkmated } 0-1

[Event "ICC tourney 2552 (3 2)"]
[Site "Internet Chess Club"]
[Date "2021.05.07"]
[Round "3"]
[White "TAN, BELVIN:K06-16576614"]
[Black "YU, ADA:K03-30046211"]
[Result "1-0"]
[ICCResult "Black forfeits on time"]
[WhiteElo "1179"]
[BlackElo "1400"]
[Opening "Tennison (Lemberg, Zukertort) gambit"]
[ECO "B01"]
[NIC "VO.17"]
[Time "18:52:59"]
[PlyCount "53"]
[TimeControl "180+2"]

1. e4 d5 2. Nf3 dxe4 3. Nd4 Qxd4 4. c3 Qc5 5. b4 Qb6 6. d4 e5 7. dxe5 f6 8.
exf6 gxf6 9. Na3 Bxb4 10. cxb4 Qxb4+ 11. Bd2 Qxa3 12. Bb5+ c6 13. Qh5+ Kf8
14. Bc4 Be6 15. Bxe6 Ke7 16. Qf7+ Kd8 17. Qf8+ Kc7 18. Qc8+ Kb6 19. Be3+
Ka6 20. Bc4+ Ka5 21. Qf5+ b5 22. Bd2+ Kb6 23. Be3+ c5 24. Bxc5+ Qxc5 25.
Qe6+ Qc6 26. Qf7 Nd7 27. Bd5 { Black forfeits on time } 1-0

[Event "ICC tourney 2552 (3 2)"]
[Site "Internet Chess Club"]
[Date "2021.05.07"]
[Round "3"]
[White "DESAI, DHRITEE:K06-16336152"]
[Black "ADDURI, MANSI:K03-17004388"]
[Result "0-1"]
[ICCResult "White checkmated"]
[WhiteElo "1400"]
[BlackElo "1400"]
[Opening "Scandinavian (center counter) defense"]
[ECO "B01"]
[NIC "VO.17"]
[Time "18:52:25"]
[PlyCount "76"]
[TimeControl "180+2"]

1. e4 d5 2. d3 dxe4 3. dxe4 Qxd1+ 4. Kxd1 e5 5. Be2 Nf6 6. Nc3 Nc6 7. Nf3
Bd6 8. Bc4 Bg4 9. Ke2 Nd4+ 10. Kd1 Nxf3 11. Be3 Nd4+ 12. Kd2 Bb4 13. Rae1
Nxe4+ 14. Kc1 Nxc3 15. bxc3 Bxc3 16. Ref1 O-O 17. f3 Bf5 18. g4 Bxc2 19.
Bxd4 Bxd4 20. Kxc2 a6 21. Kd3 b5 22. Bd5 Rac8 23. f4 c6 24. Be4 Bc5 25.
fxe5 Rfd8+ 26. Ke2 Re8 27. Rf5 g6 28. Rg5 h6 29. Bxg6 hxg5 30. Bf5 Rxe5+
31. Kf3 Rce8 32. Kg2 Re2+ 33. Kf1 Re1+ 34. Kg2 R8e2+ 35. Kh3 Rxh1 36. Kg3
Rhxh2 37. Be4 Ref2 38. Bxc6 Bd6# { White checkmated } 0-1

[Event "ICC tourney 2552 (3 2)"]
[Site "Internet Chess Club"]
[Date "2021.05.07"]
[Round "3"]
[White "ARAVIND, ADVIK:K01-30033413"]
[Black "MANIMARAN, SHIVANI:K05-16614018"]
[Result "0-1"]
[ICCResult "White checkmated"]
[WhiteElo "1400"]
[BlackElo "1400"]
[Opening "King's pawn opening"]
[ECO "B07"]
[NIC "VO.17"]
[Time "18:52:39"]
[PlyCount "64"]
[TimeControl "180+2"]

1. e4 d6 2. Nc3 Nf6 3. f3 c6 4. Bc4 Qa5 5. d4 c5 6. Bd2 Qc7 7. Nb5 Qb6 8.
Nh3 cxd4 9. Ng5 e6 10. Qe2 a6 11. Na3 Qxb2 12. Rb1 Qxa3 13. Bc1 Qc3+ 14.
Bd2 Qa3 15. Bb4 Qe3 16. Qxe3 dxe3 17. Rd1 d5 18. exd5 exd5 19. Bb3 Bxb4+
20. Ke2 O-O 21. Kxe3 Bc5+ 22. Kd3 Bf5+ 23. Ke2 Re8+ 24. Kf1 Bd7 25. a4 b5
26. c4 bxc4 27. Bc2 Nc6 28. h4 Nb4 29. Bb1 Bxa4 30. Rc1 c3 31. h5 Bb5+ 32.
Bd3 Bxd3# { White checkmated } 0-1

[Event "ICC tourney 2552 (3 2)"]
[Site "Internet Chess Club"]
[Date "2021.05.07"]
[Round "3"]
[White "GUPTA, VIHAAN:K01-30156581"]
[Black "PATEL, VED:K03-30141412"]
[Result "1-0"]
[ICCResult "Black checkmated"]
[WhiteElo "1084"]
[BlackElo "1400"]
[Opening "King's knight opening"]
[ECO "C40"]
[NIC "KP.10"]
[Time "18:53:19"]
[PlyCount "71"]
[TimeControl "180+2"]

1. e4 e5 2. Nf3 c6 3. Nxe5 Nf6 4. d3 Qb6 5. Nc3 d6 6. Nc4 Qc5 7. Be3 Qb4 8.
a3 Bg4 9. f3 Qa5 10. Nxa5 Bd7 11. Nb3 Be7 12. Be2 Na6 13. Bg5 h6 14. Bxf6
Bxf6 15. O-O Bd4+ 16. Kh1 Be6 17. Nxd4 Nc5 18. Nxe6 Nxe6 19. b4 c5 20. bxc5
Nxc5 21. a4 Kd8 22. Qb1 Rc8 23. d4 Ne6 24. Nd5 Nxd4 25. Bd3 Re8 26. Qb2 b6
27. Qxd4 Re6 28. Qxg7 Ke8 29. Nf6+ Ke7 30. Nd5+ Kd8 31. a5 bxa5 32. Rxa5
Rc7 33. Nxc7 Kxc7 34. Qxf7+ Kb6 35. Qxa7+ Kc6 36. Bb5# { Black checkmated }
1-0

[Event "ICC tourney 2552 (3 2)"]
[Site "Internet Chess Club"]
[Date "2021.05.07"]
[Round "3"]
[White "AMRANY, BENJAMIN:K05-17261253"]
[Black "MURPHY ZEDLEWSKI, JACK:K01-30079933"]
[Result "1-0"]
[ICCResult "Black forfeits on time"]
[WhiteElo "1400"]
[BlackElo "1400"]
[Opening "Queen's pawn: Charlick (Englund) gambit"]
[ECO "A40"]
[NIC "QO.17"]
[Time "18:52:39"]
[PlyCount "79"]
[TimeControl "180+2"]

1. d4 e5 2. dxe5 Nc6 3. Nf3 Qe7 4. Qd5 Qb4+ 5. c3 Qb6 6. e3 Nge7 7. Qb3 Qc5
8. Bc4 d5 9. exd6 Be6 10. Bxe6 fxe6 11. dxe7 Bxe7 12. Nbd2 Qd5 13. Qxd5
exd5 14. Nd4 Ne5 15. N2f3 Nd3+ 16. Kd2 Nxc1 17. Raxc1 O-O-O 18. Ke2 c5 19.
Nb3 c4 20. Nbd4 Rd7 21. Ne5 Rc7 22. Ne6 Bf6 23. Nxc7 Bxe5 24. Nxd5 Rd8 25.
Rhd1 Bf6 26. Nxf6 Rxd1 27. Rxd1 gxf6 28. Kf3 b6 29. Kf4 a5 30. Kf5 b5 31.
Kxf6 b4 32. cxb4 axb4 33. Rc1 c3 34. bxc3 bxc3 35. Rxc3+ Kd7 36. a4 h6 37.
a5 h5 38. a6 h4 39. a7 h3 40. a8=Q { Black forfeits on time } 1-0

[Event "ICC tourney 2552 (3 2)"]
[Site "Internet Chess Club"]
[Date "2021.05.07"]
[Round "3"]
[White "MADDINENI, SHISHIR:K05-17244051"]
[Black "CONWAY, RANSOM:K03-30165293"]
[Result "0-1"]
[ICCResult "White checkmated"]
[WhiteElo "1400"]
[BlackElo "1400"]
[Opening "Three knights game"]
[ECO "C46"]
[NIC "KP.06"]
[Time "18:51:48"]
[PlyCount "88"]
[TimeControl "180+2"]

1. e4 e5 2. Nf3 Nc6 3. Nc3 Bc5 4. Nxe5 Nxe5 5. d4 Bd6 6. dxe5 Bxe5 7. Bd3
Nf6 8. Be3 O-O 9. Qe2 d6 10. O-O-O Bg4 11. f3 Be6 12. Qf2 Bxc3 13. bxc3 c5
14. c4 Qa5 15. Kb2 Qb4+ 16. Ka1 Qc3+ 17. Kb1 Bxc4 18. Bd2 Qa3 19. Bxc4 b5
20. Bxb5 Rab8 21. Qe2 a6 22. Bc1 Qb4+ 23. Bb2 Rxb5 24. Kc1 Qxb2+ 25. Kd2
Qe5 26. Ke1 Qc3+ 27. Kf2 Rb2 28. Rd3 Qxc2 29. Qxc2 Rxc2+ 30. Kg3 Rxa2 31.
Rxd6 Nh5+ 32. Kg4 Nf6+ 33. Kg3 c4 34. Rc6 Ra4 35. Rc1 h6 36. R6xc4 Rxc4 37.
Rxc4 Rd8 38. Ra4 Ra8 39. h3 g5 40. Kh2 Nh5 41. g4 Nf4 42. Ra5 Rc8 43. Kg3
Rc2 44. Rxa6 Rg2# { White checkmated } 0-1